 Dungeon Crawl Stone Soup version 0.26.1-11-gd32895ea62 (webtiles) character file.

Game seed: 15936893354322049912

310 KamiKatze the Conjurer (level 6, -1/45 HPs)
             Began as a Draconian Conjurer on June 15, 2021.
             Slain by a two-headed ogre
             ... wielding a cursed +0 giant spiked club
              (6 damage)
             ... on level 4 of the Dungeon.
             The game lasted 00:12:06 (2979 turns).

KamiKatze the Conjurer (Draconian Conjurer)         Turns: 2979, Time: 00:12:07

Health: -1/45      AC:  8    Str: 10    XL:     6   Next: 17%
Magic:  4/12       EV: 12    Int: 20    God:
Gold:   271        SH:  0    Dex:  9    Spells: 6/13 levels left

rFire    . . .     SeeInvis .   a - +0 dagger (flame)
rCold    . . .     Faith    .   (no shield)
rNeg     . . .     Spirit   .   (armour unavailable)
rPois    .         Reflect  .   (helmet restricted)
rElec    .         Harm     .   (no cloak)
rCorr    .         Rampage  .   u - +0 pair of gloves
Will     .....                  q - +0 pair of boots
Stlth    ++........             (no amulet)
HPRegen  0.15/turn              (no ring)
MPRegen  0.13/turn              (no ring)

@: no status effects
A: unfitting armour, cold-blooded, AC +6
a: no special abilities


You were on level 4 of the Dungeon.
You visited 1 branch of the dungeon, and saw 4 of its levels.

You collected 271 gold pieces.

Inventory:

Hand Weapons
 a - a +0 dagger of flaming (weapon)
Missiles
 c - 78 stones (quivered)
 e - 12 poisoned darts
Armour
 q - a +0 pair of boots (worn)
 u - a +0 pair of gloves (worn)
Magical Staves
 v - an uncursed staff of earth
Jewellery
 r - an uncursed ring of protection from cold {unknown}
Scrolls
 d - 2 scrolls of magic mapping {unknown}
 g - 2 scrolls of identify
 h - a scroll of enchant weapon {unknown}
 k - 2 scrolls of teleportation {unknown}
 n - 2 scrolls of immolation {unknown}
 o - a scroll of random uselessness {unknown}
 p - 4 scrolls of remove curse
Potions
 b - a potion of invisibility
 f - 4 potions of curing
 i - 3 potions of attraction
 j - a potion of magic {unknown}
 l - a potion of ambrosia
 m - a potion of mutation
 s - 2 potions of degeneration {unknown}
 t - a potion of might {unknown}


   Skills:
 - Level 2.0 Dodging
 - Level 2.0 Stealth
 * Level 4.0 Spellcasting
 * Level 5.5 Conjurations
 * Level 2.2 Hexes


You had 6 spell levels left.
You knew the following spells:

 Your Spells              Type           Power        Failure   Level
a - Magic Dart            Conj           100%         1%          1
b - Searing Ray           Conj           52%          1%          2
c - Fulminant Prism       Conj/Hex       9%           26%         4

Your spell library contained the following spells:

 Spells                   Type           Power        Failure   Level
 Dazzling Flash           Conj/Hex       38%          8%          3
 Iskenderun's Mystic Bla  Conj/Tloc      15%          38%         4


Dungeon Overview and Level Annotations

Branches:
Dungeon (4/15)
 Temple: D:4-7

Altars:
Ashenzari
Gozag
Okawaru
Uskayaw
Zin

Annotations:
D:4 Menkaure


Innate Abilities, Weirdness & Mutations

Your plain brown scales are hard. (AC +6)
You cannot fit into any form of body armour.
You are cold-blooded and may be slowed by cold attacks.


Message History

The two-headed ogre hits you with a cursed +0 giant spiked club!!
Ouch! That really hurt!
The two-headed ogre hits you with a +0 giant club!
* * * LOW HITPOINT WARNING * * *
The searing ray hits the two-headed ogre!
The two-headed ogre is heavily wounded.
You finish channeling your searing ray.
Unknown command.
Casting: Searing Ray (safe; 1% risk of failure)
Confirm with . or Enter, or press ? or * to list all spells.
Aiming: Searing Ray (safe; 1% risk of failure)
Press: ? - help, Shift-Dir - straight line, f/p - two-headed ogre
Aim: a two-headed ogre, wielding a +0 giant spiked club and a +0 giant club (heavily wounded, 10% to evade)
The searing ray hits the two-headed ogre.
The two-headed ogre is severely wounded. (Press . to maintain the ray.)
The adder hisses angrily.
The two-headed ogre completely misses you.
The two-headed ogre hits you with a +0 giant club.
You die...

####
################.$.##
...................#
###.....###....#....#
.?..................#
.##............#...$#
.............#..# #.#
....###....#.#<@# #
... ###....#.##O#.# #
.[....##....#.#.##
..^...../..Z...)....
.......(....[......##
#...#.#.#.#..S.....#
$..$.........$.......
. #.....#........##
.........###....#


You could see a two-headed ogre, an adder and a bullfrog skeleton.

Vanquished Creatures
  2 bullfrog skeletons (D:4)
  An iguana (D:4)
  3 worker ants
  7 adders
  2 oozes
  An adder skeleton (D:4)
  3 worms
  6 dart slugs
  3 leopard geckos
  An orc (D:3)
  A ball python (D:2)
  8 bats
  A giant cockroach (D:2)
  7 goblins
  A hobgoblin (D:2)
  5 jackals
  5 kobolds
  3 quokkas
  2 frilled lizards (D:2)
  A jackal skeleton (D:4)
  5 rats
68 creatures vanquished.

Notes
Turn   | Place    | Note
-------+----------+-------------------------------------------
     0 | D:1      | KamiKatze the Draconian Conjurer began the quest for the
                  | Orb.
     0 | D:1      | Reached XP level 1. HP: 14/14 MP: 3/3
   502 | D:1      | Reached XP level 2. HP: 20/20 MP: 5/5
   505 | D:1      | Learned a level 2 spell: Searing Ray
  1102 | D:2      | Reached XP level 3. HP: 23/26 MP: 6/6
  1131 | D:2      | Found an opulent altar of Gozag.
  1461 | D:2      | Reached XP level 4. HP: 23/33 MP: 0/8
  1466 | D:2      | Learned a level 4 spell: Fulminant Prism
  1535 | D:2      | Found a broken altar of Ashenzari.
  2103 | D:3      | Reached skill level 5 in Conjurations
  2110 | D:3      | Reached skill level 1 in Hexes
  2289 | D:3      | Reached XP level 5. HP: 38/38 MP: 4/10
  2308 | D:3      | Found a faded altar of an unknown god.
  2328 | D:3      | Found an iron altar of Okawaru.
  2449 | D:3      | Found a hide-covered altar of Uskayaw.
  2489 | D:3      | Noticed a +0 hand axe
  2489 | D:3      | Noticed a +0 dagger
  2718 | D:4      | Noticed an ogre
  2856 | D:4      | Found a glowing silver altar of Zin.
  2863 | D:4      | Reached XP level 6. HP: 41/45 MP: 4/11
  2882 | D:4      | Noticed Menkaure
  2973 | D:4      | Noticed a two-headed ogre
  2979 | D:4      | Slain by a two-headed ogre

Illustrated notes

Levels and vault maps discovered:
D:1:      nagdon_arrival_double_spiral, layout_basic
D:2:      layout_basic, lemuel_doored_altar, nicolae_ashenzari_panopticon
D:3:      layout_rooms, dancing_weapons_uskayaw, general_overflow_altar,
          chequers_ecumenical_altar_twisty
D:4:      layout_basic, kennysheep_mini, st_stairs_2, uniq_menkaure

Skill      XL: |  1  2  3  4  5  6 |
---------------+-------------------+-----
Stealth        | 2 |  2.0
Dodging        | 2 |  2.0
Spellcasting   | 3 4 |  4.0
Conjurations   | 5 |  5.5
Hexes          | 1 2 |  2.2

Action                   |  1- 3 |  4- 6 || total
-------------------------+-------+-------++-------
Melee: Hand axe          |    52 |    10 ||    62
       Tailslap          |     5 |     3 ||     8
       Dagger            |       |    46 ||    46
 Cast: Magic Dart        |    30 |    19 ||    49
       Searing Ray       |     7 |    20 ||    27
  Use: Scroll            |       |     6 ||     6
 Stab: Sleeping          |     1 |       ||     1
Armor: Skin              |    15 |    45 ||    60
Dodge: Dodged            |    55 |    77 ||   132
